ORI
UNIVERSITY OF FLORIDA GATORS @ ARIZONA STATE UNIVERSITY SUN DEVILS
09/24/2049
 
TOP OF THE 1ST
University of Florida Gators batting - Pitching for Arizona State University Sun Devils : RHP Jonathan Powell
Pitching: RHP Jonathan Powell
Batting: RHB Jiao-long Zhào 0-0: Ball
1-0: DOUBLE (Line Drive, 78D, EV 106.9 MPH)
Batting: LHB Roy Davies 0-0: Ball
1-0: Ball
2-0: Ground out 6-3 (Groundball, 56, EV 87.5 MPH)
Batting: RHB Gong-sun Law 0-0: Ball
1-0: Fly out, F5 (Line Drive, 5L, EV 66.2 MPH)
Batting: RHB Lião Weishampt 0-0: Ball
1-0: Called Strike
1-1: Called Strike
1-2: Strikes out swinging
Top of the 1st over - 0 runs, 1 hit, 0 errors, 1 left on base; University of Florida 0 - Arizona State University 0
BOTTOM OF THE 1ST
Arizona State University Sun Devils batting - Pitching for University of Florida Gators : RHP Jordan Williams
Pitching: RHP Jordan Williams
Batting: RHB Rusty Gee 0-0: Ball
1-0: Foul Ball, location: 2F
1-1: Ground out 4-3 (Groundball, 4, EV 101.9 MPH)
Batting: LHB Timon Giorgiou 0-0: Called Strike
0-1: Foul Ball, location: 2F
0-2: Ground out U3 (Groundball, 34, EV 106.9 MPH)
Batting: RHB Hervé Papin 0-0: Ball
1-0: Fly out, F6 (Line Drive, 56D, EV 63.8 MPH)
Bottom of the 1st over - 0 runs, 0 hits, 0 errors, 0 left on base; University of Florida 0 - Arizona State University 0
TOP OF THE 2ND
University of Florida Gators batting - Pitching for Arizona State University Sun Devils : RHP Jonathan Powell
Batting: SHB Pat Justice 0-0: Foul Ball, location: 2F
0-1: Fly out, F7 (Flyball, 7, EV 88.1 MPH)
Batting: SHB Tokuichi Ishida 0-0: Ground out 6-3 (Groundball, 6, EV 83.8 MPH)
Batting: LHB Dave Newsome 0-0: Ball
1-0: Swinging Strike
1-1: Foul Ball, location: 2F
1-2: SINGLE (Groundball, 34D, EV 109.4 MPH)
Batting: RHB Vince Trussell 0-0: Ball
1-0: Ball
2-0: Called Strike
2-1: Called Strike
2-2: Ball
3-2: Strikes out swinging
Top of the 2nd over - 0 runs, 1 hit, 0 errors, 1 left on base; University of Florida 0 - Arizona State University 0
BOTTOM OF THE 2ND
Arizona State University Sun Devils batting - Pitching for University of Florida Gators : RHP Jordan Williams
Batting: LHB Justin Vitali 0-0: Ball
1-0: Ball
2-0: Foul Ball, location: 2F
2-1: Swinging Strike
2-2: Foul Ball, location: 2F
2-2: Ball
3-2: Foul Ball, location: 2F
3-2: Strikes out looking
Batting: LHB Randy Marquez 0-0: Ball
1-0: Ground out U3 (Groundball, 23, EV 91.9 MPH)
Batting: LHB Eric Russell 0-0: Foul Ball, location: 2F
0-1: Ball
1-1: Fly out, F8 (Flyball, 8RD, EV 89.4 MPH)
Bottom of the 2nd over - 0 runs, 0 hits, 0 errors, 0 left on base; University of Florida 0 - Arizona State University 0
TOP OF THE 3RD
University of Florida Gators batting - Pitching for Arizona State University Sun Devils : RHP Jonathan Powell
Batting: RHB Manny Harrison 0-0: Called Strike
0-1: Ball
1-1: Ball
2-1: Ground out 5-3 (Groundball, 5, EV 99.4 MPH)
Batting: RHB Jiao-long Zhào 0-0: Ball
1-0: Foul Ball, location: 2F
1-1: Ball
2-1: Ball
3-1: Called Strike
3-2: Foul Ball, location: 2F
3-2: Foul Ball, location: 2F
3-2: Strikes out swinging
Batting: LHB Roy Davies 0-0: Foul Ball, location: 2F
0-1: Foul Ball, location: 2F
0-2: Foul Ball, location: 2F
0-2: Ground out 2-3 (Groundball, 13S, EV 73.8 MPH)
Top of the 3rd over - 0 runs, 0 hits, 0 errors, 0 left on base; University of Florida 0 - Arizona State University 0
BOTTOM OF THE 3RD
Arizona State University Sun Devils batting - Pitching for University of Florida Gators : RHP Jordan Williams
Batting: LHB Dustin Gill 0-0: Ball
1-0: Ball
2-0: Called Strike
2-1: Foul Ball, location: 2F
2-2: Fly out, F7 (Flyball, 7, EV 84.4 MPH)
Batting: RHB Carl Evans 0-0: Ball
1-0: Ball
2-0: Ground out 3-1 (Groundball, 34, EV 98.8 MPH)
Batting: LHB Burraga Iukini 0-0: Ball
1-0: Called Strike
1-1: Foul Ball, location: 2F
1-2: Ground out 5-3 (Groundball, 56S, EV 79.4 MPH)
Bottom of the 3rd over - 0 runs, 0 hits, 0 errors, 0 left on base; University of Florida 0 - Arizona State University 0
TOP OF THE 4TH
University of Florida Gators batting - Pitching for Arizona State University Sun Devils : RHP Jonathan Powell
Batting: RHB Gong-sun Law 0-0: Ball
1-0: Ball
2-0: Called Strike
2-1: Foul Ball, location: 2F
2-2: Foul Ball, location: 2F
2-2: Ball
3-2: Foul Ball, location: 2F
3-2: Strikes out swinging
Batting: RHB Lião Weishampt 0-0: Ball
1-0: Called Strike
1-1: Ball
2-1: Foul Ball, location: 2F
2-2: Ground out 5-3 (Groundball, 56, EV 79.4 MPH)
Batting: SHB Pat Justice 0-0: Ball
1-0: Called Strike
1-1: Ground out U3 (Groundball, 3, EV 85.0 MPH)
Top of the 4th over - 0 runs, 0 hits, 0 errors, 0 left on base; University of Florida 0 - Arizona State University 0
BOTTOM OF THE 4TH
Arizona State University Sun Devils batting - Pitching for University of Florida Gators : RHP Jordan Williams
Batting: RHB Rusty Gee 0-0: Ball
1-0: Ball
2-0: Ball
3-0: Base on Balls
Batting: LHB Timon Giorgiou 0-0: Ball
1-0: Foul Ball, location: 2F
1-1: Called Strike
1-2: Foul Ball, location: 2F
1-2: Single, Error in OF, E8, batter to second base (Groundball, 4D, EV 99.4 MPH)
Rusty Gee to third
Batting: RHB Hervé Papin 0-0: Ball
1-0: Ground out U3 (Groundball, 34, EV 81.2 MPH)
Rusty Gee scores
Timon Giorgiou to third
Batting: LHB Justin Vitali 0-0: Foul Ball, location: 2F
0-1: SINGLE (Groundball, 56, EV 95.6 MPH)
Timon Giorgiou scores
Batting: LHB Randy Marquez 0-0: Called Strike
0-1: Ball
1-1: Ball
2-1: Ball
3-1: Base on Balls
Justin Vitali to second
Batting: LHB Eric Russell 0-0: Called Strike
0-1: Foul Ball, location: 2F
0-2: Ball
1-2: Ball
2-2: Ball
3-2: Fielders Choice at 2nd, 6-4 (Groundball, 6, EV 85.0 MPH)
Justin Vitali to third
Batting: LHB Dustin Gill 0-0: Ball
1-0: Fielders Choice at 2nd, U6 (Groundball, 6M, EV 82.5 MPH)
Bottom of the 4th over - 2 runs, 2 hits, 1 error, 2 left on base; University of Florida 0 - Arizona State University 2
TOP OF THE 5TH
University of Florida Gators batting - Pitching for Arizona State University Sun Devils : RHP Jonathan Powell
Batting: SHB Tokuichi Ishida 0-0: Swinging Strike
0-1: SINGLE (Flyball, 78S, EV 88.1 MPH)
Batting: LHB Dave Newsome 0-0: Called Strike
0-1: Ball
1-1: Foul Ball, location: 2F
1-2: Strikes out swinging
Batting: RHB Vince Trussell 0-0: Called Strike
0-1: Foul Ball, location: 2F
0-2: Foul Ball, location: 2F
0-2: Ball
Tokuichi Ishida is caught stealing 2nd base 2-4
1-2: Ball
2-2: Foul Ball, location: 2F
2-2: Ball
3-2: SINGLE (Groundball, 4MD, EV 106.9 MPH)
Batting: RHB Manny Harrison 0-0: Called Strike
0-1: Ball
1-1: Foul Ball, location: 2F
1-2: Foul Ball, location: 2F
1-2: Strikes out swinging
Top of the 5th over - 0 runs, 2 hits, 0 errors, 1 left on base; University of Florida 0 - Arizona State University 2
BOTTOM OF THE 5TH
Arizona State University Sun Devils batting - Pitching for University of Florida Gators : RHP Jordan Williams
Batting: RHB Carl Evans 0-0: Ball
1-0: Called Strike
1-1: Swinging Strike
1-2: Strikes out looking
Batting: LHB Burraga Iukini 0-0: Ball
1-0: Foul Ball, location: 2F
1-1: Foul Ball, location: 2F
1-2: Ball
2-2: SINGLE (Groundball, 5S, EV 65.6 MPH) (infield hit)
Batting: RHB Rusty Gee 0-0: Called Strike
Burraga Iukini is caught stealing 2nd base 2-4
0-1: Ball
1-1: Foul Ball, location: 2F
1-2: SINGLE (Groundball, 56S, EV 72.5 MPH) (infield hit)
Batting: LHB Timon Giorgiou 0-0: Ball
1-0: Ball
2-0: Ball
3-0: Base on Balls
Rusty Gee to second
Pitching: RHP Roberto Santiago
Batting: RHB Hervé Papin 0-0: Ball
1-0: Called Strike
1-1: Ground out 4-3 (Groundball, 4, EV 90.0 MPH)
Bottom of the 5th over - 0 runs, 2 hits, 0 errors, 2 left on base; University of Florida 0 - Arizona State University 2
TOP OF THE 6TH
University of Florida Gators batting - Pitching for Arizona State University Sun Devils : RHP Jonathan Powell
Pitching: LHP T.J. Conner
Batting: RHB Jiao-long Zhào 0-0: Ball
1-0: Foul Ball, location: 2F
1-1: Called Strike
1-2: Strikes out swinging
Batting: LHB Roy Davies 0-0: Ball
1-0: Ball
2-0: Called Strike
2-1: Swinging Strike
2-2: Ball
3-2: Foul Ball, location: 2F
3-2: Foul Ball, location: 2F
3-2: Strikes out looking
Batting: RHB Gong-sun Law 0-0: Ball
1-0: Foul Ball, location: 2F
1-1: Ball
2-1: TRIPLE (Flyball, 89XD, EV 93.8 MPH)
Batting: RHB Lião Weishampt 0-0: Foul Ball, location: 2F
0-1: Foul Ball, location: 2F
0-2: Ball
1-2: Ball
2-2: Foul Ball, location: 2F
2-2: Ball
3-2: Foul Ball, location: 2F
3-2: SINGLE (Groundball, 6MD, EV 96.2 MPH)
Gong-sun Law scores
Batting: SHB Pat Justice 0-0: Ball
1-0: Ball
2-0: Fielders Choice at 2nd, U4 (Groundball, 4M, EV 83.8 MPH)
Top of the 6th over - 1 run, 2 hits, 0 errors, 1 left on base; University of Florida 1 - Arizona State University 2
BOTTOM OF THE 6TH
Arizona State University Sun Devils batting - Pitching for University of Florida Gators : RHP Roberto Santiago
Batting: LHB Justin Vitali 0-0: Ball
1-0: Swinging Strike
1-1: Fly out, F7 (Flyball, 78M, EV 83.1 MPH)
Batting: LHB Randy Marquez 0-0: Foul Ball, location: 2F
0-1: Foul Ball, location: 2F
0-2: Foul Ball, location: 2F
0-2: Ground out 3-1 (Groundball, 34S, EV 82.5 MPH)
Batting: LHB Eric Russell 0-0: Ball
1-0: Called Strike
1-1: Called Strike
1-2: Strikes out looking
Bottom of the 6th over - 0 runs, 0 hits, 0 errors, 0 left on base; University of Florida 1 - Arizona State University 2
TOP OF THE 7TH
University of Florida Gators batting - Pitching for Arizona State University Sun Devils : LHP T.J. Conner
Pitching: LHP Adam Distasio
Batting: SHB Tokuichi Ishida 0-0: Ball
1-0: Ball
2-0: Called Strike
2-1: Ball
3-1: Base on Balls
Pinch Hitting: SHB Nelson Carachure 0-0: Called Strike
0-1: Swinging Strike
0-2: Foul Ball, location: 2F
0-2: Foul Ball, location: 2F
0-2: Ball
1-2: Ball
2-2: Strikes out swinging
Batting: RHB Vince Trussell 0-0: Ball
1-0: Called Strike
1-1: Called Strike
1-2: Foul Ball, location: 2F
1-2: Strikes out swinging
Pinch Hitting: SHB Michael Medina 0-0: Called Strike
0-1: Ball
1-1: Ball
Tokuichi Ishida is caught stealing 2nd base 2-4
Top of the 7th over - 0 runs, 0 hits, 0 errors, 0 left on base; University of Florida 1 - Arizona State University 2
BOTTOM OF THE 7TH
Arizona State University Sun Devils batting - Pitching for University of Florida Gators : RHP Roberto Santiago
Now at 1B: Lião Weishampt
Now at 3B: Juan Lopez
Now in LF: Nelson Carachure
Batting: LHB Dustin Gill 0-0: Ball
1-0: Ball
2-0: Called Strike
2-1: Ball
3-1: Ground out 4-3 (Groundball, 4, EV 83.1 MPH)
Batting: RHB Carl Evans 0-0: Called Strike
0-1: Foul Ball, location: 2F
0-2: Ball
1-2: Ball
2-2: Strikes out swinging
Batting: LHB Burraga Iukini 0-0: Ground out 6-3 (Groundball, 6, EV 87.5 MPH)
Bottom of the 7th over - 0 runs, 0 hits, 0 errors, 0 left on base; University of Florida 1 - Arizona State University 2
TOP OF THE 8TH
University of Florida Gators batting - Pitching for Arizona State University Sun Devils : LHP Adam Distasio
Batting: RHB Juan Lopez 0-0: Ball
1-0: Foul Ball, location: 2F
1-1: Ground out 6-3 (Groundball, 56, EV 83.1 MPH)
Batting: RHB Jiao-long Zhào 0-0: Ground out 6-3 (Groundball, 6, EV 99.4 MPH)
Batting: LHB Roy Davies 0-0: Swinging Strike
0-1: Ground out 4-3 (Groundball, 34, EV 85.6 MPH)
Top of the 8th over - 0 runs, 0 hits, 0 errors, 0 left on base; University of Florida 1 - Arizona State University 2
BOTTOM OF THE 8TH
Arizona State University Sun Devils batting - Pitching for University of Florida Gators : RHP Roberto Santiago
Pitching: LHP Alexander Collins
Batting: RHB Rusty Gee 0-0: Foul Ball, location: 2F
0-1: Ball
1-1: Ball
2-1: Reached on error, E6 (Groundball, 56, EV 88.1 MPH)
Batting: LHB Timon Giorgiou 0-0: Called Strike
Rusty Gee steals 2nd, throwing error, E2
Rusty Gee to third
0-1: Ball
1-1: Fly out, F9 (Flyball, 89M, EV 81.2 MPH)
Runner from 3rd tags up, SCORES, throw by RF
Batting: RHB Hervé Papin 0-0: Foul Ball, location: 2F
0-1: Foul Ball, location: 2F
0-2: Ball
1-2: Strikes out swinging
Batting: LHB Justin Vitali 0-0: Called Strike
0-1: Swinging Strike
0-2: Strikes out looking
Bottom of the 8th over - 1 run, 0 hits, 2 errors, 0 left on base; University of Florida 1 - Arizona State University 3
TOP OF THE 9TH
University of Florida Gators batting - Pitching for Arizona State University Sun Devils : LHP Adam Distasio
Pitching: RHP Ken Gray
Batting: RHB Gong-sun Law 0-0: Called Strike
0-1: Foul Ball, location: 2F
0-2: Ground out 5-3 (Groundball, 5, EV 84.4 MPH)
Batting: RHB Lião Weishampt 0-0: Ball
1-0: Ball
2-0: Foul Ball, location: 2F
2-1: Swinging Strike
2-2: Foul Ball, location: 2F
2-2: Strikes out swinging
Batting: SHB Pat Justice 0-0: Ball
1-0: Fly out, F7 (Flyball, 7LM, EV 81.9 MPH)
Top of the 9th over - 0 runs, 0 hits, 0 errors, 0 left on base; University of Florida 1 - Arizona State University 3
Sunday, July 16th , 2023 - OOTP Baseball 24.6 Build 69